 Dungeon Sprint DCSS version 0.28-a0-925-gd5e1996cdb (webtiles) character file.

Game seed: 13652021863903965420

2330 gigimoi the Fighter (level 9, -5/90 HPs)
             Began as a Hill Orc Berserker on Nov 26, 2021.
             Was a Priest of Trog.
             Succumbed to a redback's poison
             ... in the Dungeon (Sprint I: "Red Sonja").
             The game lasted 00:03:34 (1145 turns).

gigimoi the Fighter (Hill Orc Berserker)            Turns: 1145, Time: 00:03:35

Health: -5/90      AC:  7    Str: 23    XL:     9   Next: 42%
Magic:  9/9        EV: 14    Int:  7    God:    Trog [***...]
Gold:   73         SH:  0    Dex: 10    Spells: 8/8 levels left

rFire   . . .      SeeInvis .   i - +4 scythe (vamp)
rCold   . . .      Faith    .   (shield currently unavailable)
rNeg    . . .      Spirit   .   j - +1 troll leather armour
rPois   .          Reflect  .   k - +0 hat
rElec   .          Harm     .   (no cloak)
rCorr   .          Rampage  .   (no gloves)
Will    .....      NoTele   +   (no boots)
Stlth   +.........              (no amulet)
HPRegen 1.05/turn               (no ring)
MPRegen 0.11/turn               (no ring)

@: lethally poisoned (-5 -> -32), on berserk cooldown, hasted and slowed
A: no striking features
a: Renounce Religion, Berserk, Trog's Hand


You were in the Dungeon.
You worshipped Trog.
Trog was most pleased with you.
You visited 1 branch You collected 437 gold pieces.
You spent 364 gold pieces at shops.

Inventory:

Hand Weapons
 a - a +0 hand axe
 i - a +4 vampiric scythe (weapon)
Armour
 b - a +0 animal skin
 j - a +1 troll leather armour (worn)
 k - a +0 hat (worn)
Scrolls
 h - a scroll of blinking
Potions
 f - 2 potions of magic
 g - a potion of berserk rage


   Skills:
 + Level 12.3 Fighting
 - Level 9.1(12.6) Axes
 * Level 11.8(12.7) Polearms
 + Level 11.0 Armour
 + Level 8.5 Dodging


You had 8 spell levels left.
You didn't know any spells.
Your spell library was empty.

Dungeon Overview and Level Annotations

Branches:
Dungeon (1/1)

Altars:
Cheibriados
Dithmenos
Elyvilon
Fedhas
Gozag
Hepliaklqana
Kikubaaqudgha
Nemelex Xobeh
Okawaru
Qazlal
Ru
Sif Muna
Trog
Uskayaw
Vehumet
Wu Jian
Yredelemnul
Zin
The Shining One

Shops:
D [


Message History

You feel your anger nearly subside.
You are no longer berserk.
You are exhausted.
You feel yourself slow down.
You see here 27 gold pieces.
You hit the redback.
You feel better.
The redback is lightly wounded.
The redback barely misses you. The redback bites you! x2
You closely miss the redback.
The redback is lightly wounded.
The redback bites you. x2
You slice the redback!!
You feel better.
The redback is almost dead.
The redback misses you. The redback closely misses you. The redback bites you!
You are poisoned.
The redback poisons you! The redback bites you! x2
You slice the redback!!
You feel better.
You kill the redback!
Trog accepts your kill.
You feel extremely sick.
The redback bites you but does no damage. x2
The redback barely misses you.
Your Armour skill increases to level 11!
Okay, then.
You feel better. The redback misses you. The redback bites you! x2
* * * LOW HITPOINT WARNING * * *
You are lethally poisoned!
The redback poisons you!
You feel much better.
You feel extremely sick. The redback bites you.
* * * LOW HITPOINT WARNING * * *
You are lethally poisoned!
The redback poisons you! The redback bites you!
* * * LOW HITPOINT WARNING * * *
You feel yourself speed up.
* * * LOW HITPOINT WARNING * * *
You feel extremely sick. The redback barely misses you. x2
You hit the redback but do no damage.
You die...

#.['..#__*,,+,,,*,,*,,,,+,,,,,,+,
'..#..+,,+,,*,,,**+*,****,,,,,**,
#####'#__####,,,+,,*,*,***,,,****
#...#(####§)####*,,+,*+*,***+*,,,
#..##.#≈≈≈§§#§§#*+****,,,*,*,**,,
##'#_.)≈≈≈..†§§#,,,,,*,,,***,,***
.'..._#§§≈.§#§.#,,,,,+,,,,,**,*,*
##_.#'##'#####§###,,,*,,,,,*,,***
###+#)#.)[.#*#.†@#,,,***++**,**,,
#**,####+###,###s#,,***,,***,,*+*
,+,,,+,,,,,+,∩*#§#,,****,,***,,,*
**,,,**********#§#*+*,,*,,*,***,*
***,***,,,,,,,*#.#*,*,,,,,,,,,*,*
*,*+*,*,,,,,,,,+$#***,,,,,,,,,*,*
*,,,,,*+++*****#§#,,+,,,,,,****+*
*,,,,,*,,,,,,,,#§#****,,,***,,,,*
*******,,,,,,,*+,*,,,*****,,,****


You could see a redback.

Vanquished Creatures
  2 centaur warriors (D)
  An oklob plant (D)
  A hornet (D)
  Sigmund (D)
  A redback (D)
  A yak (D)
  An ogre (D)
  A jelly (D)
  Ijyb (D)
10 creatures vanquished.

Notes
Turn   | Place    | Note
-------+----------+-------------------------------------------
     0 | D        | gigimoi the Hill Orc Berserker began the quest for the Orb.
     0 | D        | Reached XP level 1. HP: 19/19 MP: 1/1
     1 | D        | Noticed Ijyb
    14 | D        | Killed Ijyb
    15 | D        | Reached skill level 4 in Fighting
    15 | D        | Reached skill level 5 in Axes
    15 | D        | Reached XP level 2. HP: 6/28 MP: 2/2
    15 | D        | Reached XP level 3. HP: 7/35 MP: 3/3
   372 | D        | Noticed an ogre
   376 | D        | Killed an ogre
   377 | D        | Reached skill level 6 in Fighting
   377 | D        | Reached skill level 5 in Armour
   377 | D        | Reached XP level 4. HP: 17/45 MP: 4/4
   591 | D        | Noticed Sigmund
   601 | D        | Killed Sigmund
   601 | D        | Reached ** piety under Trog
   602 | D        | Reached skill level 8 in Fighting
   602 | D        | Reached skill level 5 in Dodging
   602 | D        | Reached XP level 5. HP: 55/55 MP: 5/5
   602 | D        | Reached XP level 6. HP: 62/62 MP: 6/6
   666 | D        | Found an ornate altar of the Wu Jian Council.
   666 | D        | Found a shimmering blue altar of Sif Muna.
   668 | D        | Found a radiant altar of Vehumet.
   673 | D        | Reached skill level 1 in Polearms
   800 | D        | Found Aluesam's Armour Emporium.
   800 | D        | Found an ancient bone altar of Kikubaaqudgha.
   800 | D        | Found a hazy altar of Hepliaklqana.
   800 | D        | Found a hide-covered altar of Uskayaw.
   800 | D        | Found a basalt altar of Yredelemnul.
   800 | D        | Found an opulent altar of Gozag.
   800 | D        | Found a snail-covered altar of Cheibriados.
   800 | D        | Found a sacrificial altar of Ru.
   800 | D        | Found a shadowy altar of Dithmenos.
   800 | D        | Noticed a yak
   801 | D        | Found a stormy altar of Qazlal.
   801 | D        | Found a blossoming altar of Fedhas.
   801 | D        | Found a bloodstained altar of Trog.
   801 | D        | Found an iron altar of Okawaru.
   801 | D        | Found a glowing golden altar of the Shining One.
   801 | D        | Found a glowing silver altar of Zin.
   801 | D        | Found a white marble altar of Elyvilon.
   809 | D        | Killed a yak
   810 | D        | Reached skill level 9 in Fighting
   810 | D        | Reached XP level 7. HP: 70/70 MP: 7/7
   810 | D        | Found a sparkling altar of Nemelex Xobeh.
   846 | D        | Bought a +1 troll leather armour for 308 gold pieces
   964 | D        | Noticed a centaur warrior
   974 | D        | Noticed a centaur warrior
   987 | D        | Killed a centaur warrior
   988 | D        | Reached skill level 10 in Fighting
   988 | D        | Reached XP level 8. HP: 59/81 MP: 8/8
   993 | D        | Killed a centaur warrior
   993 | D        | Reached *** piety under Trog
   994 | D        | Reached skill level 11 in Fighting
   994 | D        | Reached skill level 10 in Polearms
   994 | D        | Reached skill level 10 in Armour
  1041 | D        | Noticed a hornet
  1045 | D        | Killed a hornet
  1046 | D        | Reached XP level 9. HP: 90/90 MP: 9/9
  1084 | D        | Bought a +0 hat for 56 gold pieces
  1129 | D        | Noticed an oklob plant
  1133 | D        | Killed an oklob plant
  1134 | D        | Reached skill level 12 in Fighting
  1145 | D        | Succumbed to a redback's poison

Illustrated notes

Levels and vault maps discovered:
D:        dungeon_sprint_1 [red_sonja_temple_1, red_sonja_temple_small_1]

Skill      XL: |  1  2  3  4  5  6  7  8  9 |
---------------+----------------------------+-----
Fighting       | 4 6 8 9 10 11 12 | 12.3
Axes           | 5 7 9 |  9.1
Armour         | 3 5 7 8 9 10 11 | 11.0
Dodging        | 2 4 5 6 7 8 |  8.5
Polearms       | 4 8 10 11 | 11.8

Action                   |  1- 3 |  4- 6 |  7- 9 || total
-------------------------+-------+-------+-------++-------
Melee: Hand axe          |    14 |     7 |       ||    21
       Scythe            |       |     8 |    19 ||    27
Invok: Berserk           |     2 |     2 |     3 ||     7
  Use: Potion            |       |       |     3 ||     3
       Scroll            |       |       |     1 ||     1
 Stab: Sleeping          |       |     1 |       ||     1
Armor: Troll leather arm |       |       |     7 ||     7
Dodge: Dodged            |    10 |     9 |    16 ||    35

Table legend: (Time is in decaauts)
 A = Elapsed time spent in this place.
 B = Non-inter-level travel time spent in this place.
 C = Inter-level travel time spent in this place.
 D = Time resting spent in this place.
 E = Time spent auto-exploring this place.
 F = Levels seen in this place.
 G = Mean time per level.
                   A        B        C        D        E       F      G
               +--------+--------+--------+--------+--------+-----+--------+
         Total |   1230 |   1153 |     77 |    791 |    176 |   1 | 1230.0 |
       Dungeon |   1230 |   1153 |     77 |    791 |    176 |   1 | 1230.0 |
               +--------+--------+--------+--------+--------+-----+--------+

Top non-repeatable levels by time:
       D: 1230 daAuts
